TOP OF THE 1ST |
Bay City Bombers batting - Pitching for Naperville Battlekings : RHP David Auchinleck
|
Pitching: RHP David Auchinleck
|
|
Batting: RHB Jim Unknown
|
0-0: Ball 1-0: DOUBLE (Line Drive, 8RXD)
|
Batting: LHB Bastyão Lizardo
|
0-0: Called Strike 0-1: Ball 1-1: Ball 2-1: Foul Ball, location: 2F 2-2: Foul Ball, location: 2F 2-2: Foul Ball, location: 2F 2-2: Foul Ball, location: 2F 2-2: Ball 3-2: Base on Balls
|
Pitching: LHP Dusty Muhidini
|
|
Batting: LHB Mito Rin
|
0-0: Foul Ball, location: 2F 0-1: Hit by Pitch Jim Unknown to third Bastyão Lizardo to second
|
Batting: RHB Millard Watson
|
0-0: Fly out, F3 (Popup, 3F)
|
Batting: RHB Luis Díaz
|
0-0: Ball 1-0: Foul Ball, location: 2F 1-1: Swinging Strike 1-2: Fly out, F9 (Flyball, 9LS)
|
Batting: RHB Jim Unknown
|
0-0: Ball 1-0: Ball 2-0: Called Strike 2-1: Reached on Error, E9 (Flyball, 9S) Jim Unknown scores Bastyão Lizardo scores Mito Rin to third
|
Batting: LHB Jim Unknown
|
0-0: Called Strike 0-1: Called Strike 0-2: Ball Wild Pitch! Mito Rin scores Jim Unknown to third 1-2: Ball 2-2: Foul Ball, location: 2F 2-2: Ball 3-2: Foul Ball, location: 2F 3-2: Ground out 4-3 (Groundball, 4)
|
Top of the 1st over - 3 run(s), 1 hit(s), 1 error(s), 1 left on base; Bay City 3 - Naperville 0 |
BOTTOM OF THE 1ST |
Naperville Battlekings batting - Pitching for Bay City Bombers : RHP Ray Bane
|
Pitching: RHP Ray Bane
|
|
Batting: RHB Carlos Gómez
|
0-0: SINGLE (Groundball, 56D)
|
Batting: RHB Sal Haynes
|
0-0: Foul Ball, location: 2F 0-1: Called Strike 0-2: Ball 1-2: Ball 2-2: Grounds into double play, 5-4-3 (Groundball, 5)
|
Batting: LHB Vicente Martínez
|
0-0: Ball 1-0: SINGLE (Groundball, 6MD)
|
Batting: RHB Joe Ferneyhough
|
0-0: Ground out 5-3 (Groundball, 5)
|
Bottom of the 1st over - 0 run(s), 2 hit(s), 0 error(s), 1 left on base; Bay City 3 - Naperville 0 |
TOP OF THE 2ND |
Bay City Bombers batting - Pitching for Naperville Battlekings : LHP Dusty Muhidini
|
Batting: RHB Barry Martínez
|
0-0: Ball 1-0: Ball 2-0: Ground out 6-3 (Groundball, 56)
|
Batting: RHB Aaron Phillips
|
0-0: SINGLE (Groundball, 56D)
|
Batting: RHB Jim Unknown
|
0-0: Called Strike 0-1: Ball 1-1: Swinging Strike 1-2: 2-RUN HOME RUN (Flyball, 8LD), Distance : 433 ft
|
Pitching: RHP Manuel Carrión
|
|
Batting: LHB Bastyão Lizardo
|
0-0: Swinging Strike 0-1: Ball 1-1: Ball 2-1: Swinging Strike 2-2: Ball 3-2: Foul Ball, location: 2F 3-2: Strikes out looking
|
Batting: LHB Mito Rin
|
0-0: Swinging Strike 0-1: Ball 1-1: SINGLE (Line Drive, 8LS)
|
Batting: RHB Millard Watson
|
0-0: Ball 1-0: Foul Ball, location: 2F 1-1: Ball 2-1: Ball 3-1: Foul Ball, location: 2F 3-2: Foul Ball, location: 2F 3-2: Foul Ball, location: 2F 3-2: Foul Ball, location: 2F 3-2: Base on Balls Mito Rin to second
|
Batting: RHB Luis Díaz
|
0-0: Fly out, F3 (Popup, 34S)
|
Top of the 2nd over - 2 run(s), 3 hit(s), 0 error(s), 2 left on base; Bay City 5 - Naperville 0 |
BOTTOM OF THE 2ND |
Naperville Battlekings batting - Pitching for Bay City Bombers : RHP Ray Bane
|
Batting: RHB Tony Sánchez
|
0-0: Foul Ball, location: 2F 0-1: Ball 1-1: Ball 2-1: Foul Ball, location: 2F 2-2: Foul Ball, location: 2F 2-2: SINGLE (Line Drive, 7LS)
|
Batting: SHB Avery Little
|
0-0: Called Strike 0-1: SINGLE (Line Drive, 34D) Tony Sánchez to second
|
Batting: LHB Jack Mason
|
0-0: Ball 1-0: DOUBLE (Line Drive, 9LM) Tony Sánchez scores Avery Little to third
|
Batting: LHB Mal Cobb
|
0-0: Called Strike 0-1: Reached on error, E3 (Groundball, 3) Avery Little scores Jack Mason to third
|
Batting: RHB Otso Tuulari
|
0-0: Called Strike 0-1: Ball 1-1: Ball 2-1: Foul Ball, location: 2F 2-2: Fly out, F4 (Popup, 9LS)
|
Batting: RHB Carlos Gómez
|
0-0: Fly out, F8 (Line Drive, 8LM) Runner from 3rd tags up, SCORES, throw made
|
Batting: RHB Sal Haynes
|
0-0: Called Strike 0-1: Called Strike 0-2: Ball 1-2: Ball 2-2: Ball 3-2: Foul Ball, location: 2F 3-2: Base on Balls Mal Cobb to second
|
Batting: LHB Vicente Martínez
|
0-0: Ball 1-0: Ball 2-0: Ball 3-0: Base on Balls Mal Cobb to third Sal Haynes to second
|
Batting: RHB Joe Ferneyhough
|
0-0: Swinging Strike 0-1: Called Strike 0-2: Strikes out swinging
|
Bottom of the 2nd over - 3 run(s), 3 hit(s), 1 error(s), 3 left on base; Bay City 5 - Naperville 3 |
TOP OF THE 3RD |
Bay City Bombers batting - Pitching for Naperville Battlekings : RHP Manuel Carrión
|
Batting: RHB Jim Unknown
|
0-0: Ground out 4-3 (Groundball, 4)
|
Batting: LHB Jim Unknown
|
0-0: Called Strike 0-1: Ball 1-1: Foul Ball, location: 2F 1-2: Ground out U3 (Groundball, 3)
|
Batting: RHB Barry Martínez
|
0-0: Foul Ball, location: 2F 0-1: Ball 1-1: Swinging Strike 1-2: Fly out, F3 (Popup, 3SF)
|
Top of the 3rd over - 0 run(s), 0 hit(s), 0 error(s), 0 left on base; Bay City 5 - Naperville 3 |
BOTTOM OF THE 3RD |
Naperville Battlekings batting - Pitching for Bay City Bombers : RHP Ray Bane
|
Batting: RHB Tony Sánchez
|
0-0: Ball 1-0: Called Strike 1-1: Ball 2-1: Swinging Strike 2-2: Ball 3-2: Fly out, F3 (Line Drive, 3L)
|
Batting: SHB Avery Little
|
0-0: Swinging Strike 0-1: Called Strike 0-2: Ball 1-2: Ball 2-2: Strikes out swinging
|
Batting: LHB Jack Mason
|
0-0: SINGLE (Line Drive, 4MD)
|
Batting: LHB Mal Cobb
|
0-0: Ball 1-0: Ball 2-0: Foul Ball, location: 2F 2-1: Ball 3-1: Swinging Strike 3-2: Base on Balls Jack Mason to second
|
Batting: RHB Otso Tuulari
|
0-0: Ball 1-0: Ball 2-0: Foul Ball, location: 2F 2-1: SINGLE (Groundball, 6) Jack Mason to third Mal Cobb to second Runner from 3rd tries for Home, SAFE, no throw or cutoff
|
Batting: RHB Carlos Gómez
|
0-0: Ball 1-0: Ball 2-0: DOUBLE (Flyball, 8RXD) Mal Cobb scores Otso Tuulari to third
|
Batting: RHB Sal Haynes
|
0-0: Foul Ball, location: 2F 0-1: Ground out 5-3 (Groundball, 5L)
|
Bottom of the 3rd over - 2 run(s), 3 hit(s), 0 error(s), 2 left on base; Bay City 5 - Naperville 5 |
TOP OF THE 4TH |
Bay City Bombers batting - Pitching for Naperville Battlekings : RHP Manuel Carrión
|
Batting: RHB Aaron Phillips
|
0-0: Ball 1-0: Ball 2-0: Ball 3-0: Called Strike 3-1: Swinging Strike 3-2: Base on Balls
|
Batting: RHB Jim Unknown
|
0-0: Ball 1-0: Ball 2-0: Ball 3-0: Base on Balls Aaron Phillips to second
|
Batting: LHB Bastyão Lizardo
|
0-0: SINGLE (Line Drive, 6MD) Aaron Phillips to third Jim Unknown to second
|
Batting: LHB Mito Rin
|
0-0: GRAND SLAM HOME RUN (Flyball, 7LD), Distance : 331 ft
|
Pitching: RHP Waylon Anderson
|
|
Batting: RHB Millard Watson
|
0-0: Ball 1-0: Ball 2-0: SINGLE (Groundball, 6MD)
|
Batting: RHB Luis Díaz
|
0-0: Swinging Strike 0-1: Ball 1-1: Ball 2-1: Ball 3-1: Called Strike 3-2: Strikes out swinging Millard Watson steals 2nd base Batter strikes out.
|
Batting: RHB Jim Unknown
|
0-0: Ball Passed Ball! Millard Watson to third 1-0: Ground out 6-3 (Groundball, 6M) Millard Watson scores
|
Batting: LHB Jim Unknown
|
0-0: Ball 1-0: Ball 2-0: Called Strike 2-1: Ground out U3 (Groundball, 3L)
|
Top of the 4th over - 5 run(s), 3 hit(s), 0 error(s), 0 left on base; Bay City 10 - Naperville 5 |
BOTTOM OF THE 4TH |
Naperville Battlekings batting - Pitching for Bay City Bombers : RHP Ray Bane
|
Batting: LHB Vicente Martínez
|
0-0: Foul Ball, location: 2F 0-1: Called Strike 0-2: SINGLE (Line Drive, 4MD)
|
Batting: RHB Joe Ferneyhough
|
0-0: Foul Ball, location: 2F 0-1: Ball 1-1: Ball 2-1: Ball 3-1: SINGLE (Line Drive, 8LS) Vicente Martínez to second
|
Batting: RHB Tony Sánchez
|
0-0: Fly out, F7 (Flyball, 78S)
|
Batting: SHB Avery Little
|
0-0: Called Strike 0-1: Grounds into double play, 4-6-3 (Groundball, 4)
|
Bottom of the 4th over - 0 run(s), 2 hit(s), 0 error(s), 1 left on base; Bay City 10 - Naperville 5 |
TOP OF THE 5TH |
Bay City Bombers batting - Pitching for Naperville Battlekings : RHP Waylon Anderson
|
Batting: RHB Barry Martínez
|
0-0: Ball 1-0: Foul Ball, location: 2F 1-1: Ball 2-1: Foul Ball, location: 2F 2-2: Ball 3-2: Strikes out swinging
|
Batting: RHB Aaron Phillips
|
0-0: Ball 1-0: Swinging Strike 1-1: Ball 2-1: Called Strike 2-2: Ball 3-2: Foul Ball, location: 2F 3-2: Foul Ball, location: 2F 3-2: Foul Ball, location: 2F 3-2: Ground out 4-3 (Groundball, 34)
|
Batting: RHB Jim Unknown
|
0-0: Ball 1-0: Foul Ball, location: 2F 1-1: Foul Ball, location: 2F 1-2: Foul Ball, location: 2F 1-2: Foul Ball, location: 2F 1-2: Ball 2-2: Foul Ball, location: 2F 2-2: Ball 3-2: Base on Balls
|
Batting: LHB Bastyão Lizardo
|
0-0: Called Strike 0-1: Swinging Strike 0-2: Ball 1-2: Ball 2-2: Foul Ball, location: 2F 2-2: Foul Ball, location: 2F 2-2: Strikes out swinging
|
Top of the 5th over - 0 run(s), 0 hit(s), 0 error(s), 1 left on base; Bay City 10 - Naperville 5 |
BOTTOM OF THE 5TH |
Naperville Battlekings batting - Pitching for Bay City Bombers : RHP Ray Bane
|
Batting: LHB Jack Mason
|
0-0: TRIPLE (Flyball, 8RXD)
|
Pitching: RHP Wallace Elgie
|
|
Batting: LHB Mal Cobb
|
0-0: Called Strike 0-1: Ball 1-1: Swinging Strike 1-2: Ball 2-2: Fly out, F2 (Popup, 2LF)
|
Batting: RHB Otso Tuulari
|
0-0: Ball 1-0: Ball 2-0: SINGLE (Flyball, 8RS) Jack Mason scores
|
Batting: RHB Carlos Gómez
|
0-0: Ball 1-0: Foul Ball, location: 2F 1-1: Foul Ball, location: 2F 1-2: Reached on error, E3 (Groundball, 34S) Otso Tuulari to third
|
Batting: RHB Sal Haynes
|
0-0: Called Strike 0-1: Ball 1-1: Ball 2-1: Swinging Strike 2-2: Reached on error, E5 (Groundball, 56) Otso Tuulari scores Carlos Gómez scores
|
Batting: LHB Vicente Martínez
|
0-0: Ball 1-0: Foul Ball, location: 2F 1-1: Ball 2-1: Fly out, F7 (Flyball, 78M)
|
Batting: RHB Joe Ferneyhough
|
0-0: Ground out 6-3 (Groundball, 6)
|
Bottom of the 5th over - 3 run(s), 2 hit(s), 2 error(s), 1 left on base; Bay City 10 - Naperville 8 |
TOP OF THE 6TH |
Bay City Bombers batting - Pitching for Naperville Battlekings : RHP Waylon Anderson
|
Batting: LHB Mito Rin
|
0-0: Ball 1-0: Fly out, F2 (Popup, 2RF)
|
Batting: RHB Millard Watson
|
0-0: Called Strike 0-1: Fly out, F3 (Popup, 3F)
|
Batting: RHB Luis Díaz
|
0-0: Ball 1-0: Swinging Strike 1-1: Ball 2-1: Foul Ball, location: 2F 2-2: SINGLE (Line Drive, 6D)
|
Pitching: RHP Carl O'Malloy
|
|
Batting: RHB Jim Unknown
|
0-0: SINGLE (Groundball, 56D) Luis Díaz to second
|
Batting: LHB Jim Unknown
|
0-0: Ground out 4-3 (Groundball, 34)
|
Top of the 6th over - 0 run(s), 2 hit(s), 0 error(s), 2 left on base; Bay City 10 - Naperville 8 |
BOTTOM OF THE 6TH |
Naperville Battlekings batting - Pitching for Bay City Bombers : RHP Wallace Elgie
|
Batting: RHB Tony Sánchez
|
0-0: Called Strike 0-1: Ball 1-1: Ball 2-1: Ball 3-1: Base on Balls
|
Batting: SHB Avery Little
|
0-0: Called Strike 0-1: Foul Ball, location: 2F 0-2: Ground out 5-3 (Groundball, 5S) Tony Sánchez to second
|
Batting: LHB Jack Mason
|
0-0: Swinging Strike 0-1: Foul Ball, location: 2F 0-2: Ball 1-2: DOUBLE (Flyball, 8LD) Tony Sánchez scores
|
Pitching: LHP Gordon Wiggins
|
|
Batting: LHB Mal Cobb
|
0-0: Foul Ball, location: 2F 0-1: SINGLE (Groundball, 34) Jack Mason to third Runner from 3rd tries for Home, SAFE, throw made home Mal Cobb to second
|
Batting: RHB Otso Tuulari
|
0-0: Called Strike 0-1: Called Strike 0-2: Ball 1-2: Strikes out looking
|
Batting: RHB Carlos Gómez
|
0-0: Called Strike 0-1: Ball 1-1: Fly out, F8 (Flyball, 8RM)
|
Bottom of the 6th over - 2 run(s), 2 hit(s), 0 error(s), 1 left on base; Bay City 10 - Naperville 10 |
TOP OF THE 7TH |
Bay City Bombers batting - Pitching for Naperville Battlekings : RHP Carl O'Malloy
|
Batting: RHB Barry Martínez
|
0-0: Ball 1-0: Foul Ball, location: 2F 1-1: Foul Ball, location: 2F 1-2: Fly out, F8 (Flyball, 8LM)
|
Batting: RHB Aaron Phillips
|
0-0: Called Strike 0-1: Ball 1-1: Swinging Strike 1-2: Strikes out swinging
|
Batting: RHB Jim Unknown
|
0-0: Ball 1-0: Ball 2-0: Foul Ball, location: 2F 2-1: Swinging Strike 2-2: Foul Ball, location: 2F 2-2: Ball 3-2: Strikes out looking
|
Top of the 7th over - 0 run(s), 0 hit(s), 0 error(s), 0 left on base; Bay City 10 - Naperville 10 |
BOTTOM OF THE 7TH |
Naperville Battlekings batting - Pitching for Bay City Bombers : LHP Gordon Wiggins
|
Batting: RHB Sal Haynes
|
0-0: Called Strike 0-1: Foul Ball, location: 2F 0-2: Foul Ball, location: 2F 0-2: Fly out, F8 (Flyball, 8LM)
|
Batting: LHB Vicente Martínez
|
0-0: Called Strike 0-1: Ball 1-1: Foul Ball, location: 2F 1-2: Foul Ball, location: 2F 1-2: Ground out U3 (Groundball, 3S)
|
Batting: RHB Joe Ferneyhough
|
0-0: Ball 1-0: Ball 2-0: Ball 3-0: Base on Balls
|
Batting: RHB Tony Sánchez
|
0-0: Called Strike 0-1: Ball 1-1: Foul Ball, location: 2F 1-2: Foul Ball, location: 2F 1-2: Fielders Choice at 2nd, 6-4 (Groundball, 6)
|
Bottom of the 7th over - 0 run(s), 0 hit(s), 0 error(s), 0 left on base; Bay City 10 - Naperville 10 |
TOP OF THE 8TH |
Bay City Bombers batting - Pitching for Naperville Battlekings : RHP Carl O'Malloy
|
Batting: LHB Bastyão Lizardo
|
0-0: Fly out, F5 (Popup, 56)
|
Batting: LHB Mito Rin
|
0-0: Fly out, F4 (Popup, 4D)
|
Batting: RHB Millard Watson
|
0-0: Called Strike 0-1: Called Strike 0-2: Ball 1-2: Foul Ball, location: 2F 1-2: Foul Ball, location: 2F 1-2: Ball 2-2: Strikes out swinging
|
Top of the 8th over - 0 run(s), 0 hit(s), 0 error(s), 0 left on base; Bay City 10 - Naperville 10 |
BOTTOM OF THE 8TH |
Naperville Battlekings batting - Pitching for Bay City Bombers : LHP Gordon Wiggins
|
Pinch Hitting: RHB Wayne Bannatyne
|
0-0: Called Strike 0-1: SINGLE (Groundball, 4)
|
Pinch Hitting: LHB Cristo Ramírez
|
0-0: Ball 1-0: Fly out, F4 (Popup, 4)
|
Pinch Hitting: RHB Jim Unknown
|
0-0: Grounds into double play, 6-4-3 (Groundball, 6)
|
Bottom of the 8th over - 0 run(s), 1 hit(s), 0 error(s), 0 left on base; Bay City 10 - Naperville 10 |
TOP OF THE 9TH |
Bay City Bombers batting - Pitching for Naperville Battlekings : RHP Carl O'Malloy
|
Pitching: RHP Ramón Elizondo
|
|
Now at 1B: Jim Unknown
|
|
Now in LF: Cristo Ramírez
|
|
Now in CF: Jim Unknown
|
|
Pinch Hitting: LHB Brad Shockley
|
0-0: Ball 1-0: Ball 2-0: Ball 3-0: Called Strike 3-1: SINGLE (Line Drive, 56)
|
Batting: RHB Jim Unknown
|
0-0: Sac Bunt - play at first, batter OUT! 5-4 Brad Shockley to second
|
Batting: LHB Jim Unknown
|
0-0: Intentional Walk
|
Pinch Hitting: RHB Gilberto Patino
|
0-0: Ball 1-0: Ball 2-0: 3-RUN HOME RUN (Flyball, 9LD), Distance : 348 ft
|
Pitching: RHP Colt Harris
|
|
Batting: RHB Aaron Phillips
|
0-0: Called Strike 0-1: Ball 1-1: Ball 2-1: Called Strike 2-2: Strikes out looking
|
Batting: RHB Jim Unknown
|
0-0: Ball 1-0: Foul Ball, location: 2F 1-1: Swinging Strike 1-2: SOLO HOME RUN (Flyball, 78XD), Distance : 396 ft
|
Batting: LHB Bastyão Lizardo
|
0-0: Called Strike 0-1: Ball 1-1: Ball 2-1: Fly out, F3 (Popup, 3SF)
|
Top of the 9th over - 4 run(s), 3 hit(s), 0 error(s), 0 left on base; Bay City 14 - Naperville 10 |
BOTTOM OF THE 9TH |
Naperville Battlekings batting - Pitching for Bay City Bombers : LHP Gordon Wiggins
|
Now at SS: Jim Unknown
|
|
Now in LF: Albert Morales
|
|
Batting: RHB Otso Tuulari
|
0-0: Called Strike 0-1: Ball 1-1: Foul Ball, location: 2F 1-2: Ball 2-2: Foul Ball, location: 2F 2-2: Foul Ball, location: 2F 2-2: Strikes out swinging
|
Batting: RHB Carlos Gómez
|
0-0: Called Strike 0-1: Ball 1-1: Foul Ball, location: 2F 1-2: Ball 2-2: Ground out 4-3 (Groundball, 4)
|
Batting: RHB Sal Haynes
|
0-0: Fly out, F3 (Popup, 3)
|
Bottom of the 9th over - 0 run(s), 0 hit(s), 0 error(s), 0 left on base; Bay City 14 - Naperville 10 |
|